 Dungeon Crawl Stone Soup version 0.30-a0-122-g2a1322497e (webtiles) character file.

Game seed: 7492672532026451349

1570 zishaf the Fighter (level 8, -1/75 HPs)
             Began as a Ghoul Warper on Sept 15, 2022.
             Slain by a hornet (4 damage)
             ... on level 6 of the Dungeon.
             The game lasted 00:09:33 (7639 turns).

zishaf the Fighter (Ghoul Warper)                   Turns: 7639, Time: 00:09:33

Health: -1/75      AC:  9    Str: 17    XL:     8   Next: 90%
Magic:  9/9        EV: 11    Int:  8    God:
Gold:   153        SH:  0    Dex:  8    Spells: 10/10 levels left

rFire   . . .      SeeInvis .      - Unarmed
rCold   + . .      Faith    .    (no shield)
rNeg    + + +      Spirit   .    l - +1 ring mail {rN+}
rPois   ∞          Reflect  .    d - +0 helmet
rElec   .          Harm     .    (no cloak)
rCorr   .          Rampage  .    (no gloves)
Will    .....                    t - +0 pair of boots
Stlth   ..........               u - amulet of magic regeneration
HPRegen 0.00/turn                (no ring)
MPRegen 0.51/turn                (no ring)

@: inhibited regen, hasted, very quick
A: claws 1, cold resistance 1, negative energy resistance 3, inhibited
regeneration, torment resistance 2, devour on kill
a: no special abilities


You were on level 6 of the Dungeon.
You visited 1 branch of the dungeon, and saw 6 of its levels.

You collected 153 gold pieces.

Inventory:

Hand Weapons
 w - a +3 dagger
Missiles
 c - 7 boomerangs of dispersal (quivered)
 k - 11 poisoned darts
 m - 5 atropa-tipped darts
 r - 4 boomerangs
Armour
 a - a +0 leather armour
 d - a +0 helmet (worn)
 l - a +1 ring mail of positive energy (worn)
 t - a +0 pair of boots (worn)
Jewellery
 u - an amulet of magic regeneration (around neck)
Wands
 j - a wand of charming (6)
 v - a wand of digging (2)
Scrolls
 b - 5 scrolls of blinking
 f - 3 scrolls of teleportation
Potions
 e - a potion of brilliance
 g - 5 potions of curing
 i - a potion of flight
 p - 2 potions of cancellation


   Skills:
 * Level 8.7 Fighting
 - Level 1.2 Throwing
 - Level 4.0 Armour
 - Level 4.0 Dodging
 - Level 2.1 Unarmed Combat
 - Level 1.7 Spellcasting
 - Level 2.6 Translocations
 - Level 4.0 Evocations


You had 10 spell levels left.
You didn't know any spells.
Your spell library contained the following spells:

 Spells                   Type           Power      Damage    Failure   Level
 Blink                    Tloc           10%        N/A       32%         2
 Sandblast                Erth           0%         2d4       54%         1
 Gell's Gravitas          Tloc           5%         N/A       54%         3
 Lesser Beckoning         Tloc           5%         N/A       54%         3
 Teleport Other           Tloc           5%         N/A       54%         3
 Passwall                 Tmut/Erth      0%         N/A       67%         2
 Stone Arrow              Conj/Erth      0%         3d7       88%         3
 Manifold Assault         Tloc           5%         N/A       91%         4
 Summon Hydra             Summ           0%         N/A       100%        7
 Sublimation of Blood     Necr           Unusable   N/A       N/A         2
 Wereblood                Tmut           Unusable   N/A       N/A         2

Dungeon Overview and Level Annotations

Branches:
Dungeon (6/15)
 Temple: D:4-7

Altars:
Ru

Shops:
D:4 [   D:5 ?


Innate Abilities, Weirdness & Mutations

You are immune to poison.
You have sharp fingernails.
Your flesh is cold resistant. (rC+)
You are immune to negative energy. (rN+++)
You do not regenerate when monsters are visible.
You are immune to unholy pain and torment.
You thrive by killing the living.


Message History

You scratch the hornet.
The hornet is moderately wounded.
The hornet stings you.
You feel much better. The hornet stings you.
You feel yourself speed up. The hornet closely misses you.
The hornet stings you!
You closely miss the hornet.
The hornet is moderately wounded.
The hornet closely misses you.
You barely miss the hornet.
The hornet is moderately wounded.
The hornet stings you.
You scratch the hornet but do no damage.
The hornet is moderately wounded.
The hornet stings you!
* * * LOW HITPOINT WARNING * * *
You miss the hornet.
The hornet is moderately wounded.
The hornet stings you but does no damage.
You barely miss the hornet.
The hornet is moderately wounded.
The hornet closely misses you.
You scratch the hornet but do no damage.
The hornet is lightly wounded.
The hornet stings you.
* * * LOW HITPOINT WARNING * * *
You scratch the hornet.
The hornet is moderately wounded.
The hornet stings you but does no damage.
You miss the hornet. Your claw misses the hornet.
The hornet is moderately wounded.
The hornet misses you.
You scratch the hornet.
The hornet is heavily wounded.
The hornet stings you!
* * * LOW HITPOINT WARNING * * *
You scratch the hornet but do no damage.
The hornet is heavily wounded.
The hornet stings you.
You die...

.. .. # ##. .. ##...
... ##..?.### ....
######..# ...# .....
........####.##...###
.............@y......
........##..#########
...........##
.........###
........## ........#
........# .......<#
........#


You could see a hornet.

Vanquished Creatures
  Sigmund (D:3)
  Duvessa (D:5)
  A black bear (D:5)
  An ice beast (D:5)
  A centaur (D:5)
  2 scorpions
  3 necrophages
  4 wights
  Dowan (D:5)
  A howler monkey (D:4)
  An orc priest (D:5)
  3 hounds
  Terence (D:3)
  An orc wizard (D:6)
  Robin (D:3)
  4 gnolls
  6 adders
  A white imp (D:4)
  An ufetubus (D:3)
  3 dart slugs
  5 orcs
  10 endoplasms
  3 giant cockroaches (D:1)
  12 hobgoblins
  4 jackals (D:4)
  A quokka (D:2)
  6 ball pythons
  3 bats
  7 frilled lizards
  17 goblins
  9 kobolds
  4 rats
119 creatures vanquished.

Vanquished Creatures (collateral kills)
  A scorpion (D:5)
1 creature vanquished.

Grand Total: 120 creatures vanquished

Notes
Turn   | Place    | Note
-------+----------+-------------------------------------------
     0 | D:1      | zishaf the Ghoul Warper began the quest for the Orb.
     0 | D:1      | Reached XP level 1. HP: 17/17 MP: 2/2
    16 | D:1      | Reached skill level 1 in Armour
   123 | D:1      | Reached XP level 2. HP: 25/25 MP: 3/3
   290 | D:1      | Reached skill level 3 in Fighting
   356 | D:1      | Found a faded altar of an unknown god.
   445 | D:1      | Reached XP level 3. HP: 31/31 MP: 4/4
   970 | D:2      | Reached skill level 1 in Throwing
  1213 | D:2      | Reached XP level 4. HP: 38/38 MP: 5/5
  1756 | D:3      | Found a sacrificial altar of Ru.
  2071 | D:3      | Noticed Terence
  2091 | D:3      | Killed Terence
  2092 | D:3      | Reached skill level 4 in Fighting
  2092 | D:3      | Reached XP level 5. HP: 34/46 MP: 6/6
  2138 | D:3      | Noticed Sigmund
  2143 | D:3      | Killed Sigmund
  2144 | D:3      | Reached skill level 1 in Evocations
  2144 | D:3      | Reached XP level 6. HP: 50/55 MP: 7/7
  2676 | D:4      | Reached skill level 5 in Fighting
  3148 | D:3      | Reached XP level 7. HP: 5/61 MP: 8/8
  3807 | D:4      | Noticed Robin
  4010 | D:3      | Killed Robin
  4383 | D:4      | Found Nufahalo's Antique Armour Shoppe.
  5078 | D:4      | Reached skill level 6 in Fighting
  5206 | D:5      | Entered Level 5 of the Dungeon
  5434 | D:5      | Reached XP level 8. HP: 45/71 MP: 9/9
  5914 | D:5      | Reached skill level 7 in Fighting
  6081 | D:5      | Found Jutesath's Magic Scroll Emporium.
  6149 | D:5      | Noticed Dowan
  6172 | D:5      | Noticed Duvessa
  6235 | D:5      | Killed Dowan
  6503 | D:5      | Killed Duvessa
  6715 | D:6      | Reached skill level 8 in Fighting
  7616 | D:6      | Noticed a hornet
  7638 | D:6      | HP: 3/75 [hornet (10)]
  7639 | D:6      | Slain by a hornet

Illustrated notes

Levels and vault maps discovered:
D:1:      psy_arrival_whirlpool, layout_loops_cross,
          shapermc_ecumenical_altar_petra
D:2:      layout_loops_ring
D:3:      layout_basic, mainiacjoe_overflow_small_starburst, uniq_terence,
          uniq_sigmund
D:4:      layout_basic, serial_shops, shop, sigmund_army, uniq_robin
D:5:      layout_basic, serial_shops, nicolae_shop_behind_doors,
          minmay_fountain_box, uniq_duvessa
D:6:      layout_rooms, nicolae_ashenzari_skybound, kennysheep_generic_room_11

Skill      XL: |  1  2  3  4  5  6  7  8 |
---------------+-------------------------+-----
Armour         | 1 2 3 4 |  4.0
Dodging        | 2 3 4 |  4.0
Fighting       | 3 4 5 6 8 |  8.7
Throwing       | 1 |  1.2
Evocations     | 1 2 4 |  4.0
Unarmed Combat | |  2.1
Spellcasting   | |  1.7
Translocations | |  2.6

Action                   |  1- 3 |  4- 6 |  7- 9 || total
-------------------------+-------+-------+-------++-------
Melee: Unarmed           |   103 |   153 |   389 ||   645
       Punch             |       |     2 |     4 ||     6
Evoke: Wand              |       |     8 |    10 ||    18
  Use: Scroll            |       |       |    12 ||    12
       Potion            |       |       |     5 ||     5
Armor: Leather armour    |    20 |       |       ||    20
       Ring mail         |     3 |    57 |   143 ||   203
Dodge: Dodged            |    56 |    95 |   205 ||   356

Table legend: (Time is in decaauts)
 A = Elapsed time spent in this place.
 B = Non-inter-level travel time spent in this place.
 C = Inter-level travel time spent in this place.
 D = Time resting spent in this place.
 E = Time spent auto-exploring this place.
 F = Levels seen in this place.
 G = Mean time per level.
                   A        B        C        D        E       F      G
               +--------+--------+--------+--------+--------+-----+--------+
         Total |   7601 |   7330 |    271 |   1731 |   4309 |   6 | 1266.8 |
       Dungeon |   7601 |   7330 |    271 |   1731 |   4309 |   6 | 1266.8 |
               +--------+--------+--------+--------+--------+-----+--------+

Top non-repeatable levels by time:
     D:5: 2351 daAuts
     D:3: 1875 daAuts
     D:4: 1651 daAuts
     D:2: 844 daAuts
     D:1: 825 daAuts
     D:6: 54 daAuts
